Map: Frozen Temple

Players

Gracz - Winner!

  • Race: Protoss Protoss
  • League: Bronze

jalapa

  • Race: Terran Terran
  • League: Bronze

VOD

Have the link to the VOD?

Description

Time

  • Played on: Sept. 16, 2016, 12:52 p.m.
  • Length: 37:09
Show
View Real Time Build Order
Export as new Build Order

Gracz Protoss - Winner!

Build Orders:  

Get SALT Encoding   

  12  0:01  Probe (Chrono Boost)  
  13  0:16  Pylon  
  13  0:18  Probe (Chrono Boost)  
  14  0:36  Probe (Chrono Boost)  
  15  0:50  Gateway  
  15  0:53  Assimilator  
  15  0:56  Gateway  
  15  0:57  Probe (Chrono Boost)  
  16  1:07  Pylon  
  16  1:14  Probe (Chrono Boost)  
  17  1:24  Probe (Chrono Boost)  
  18  1:35  Probe (Chrono Boost)  
  19  1:45  Probe (Chrono Boost)  
  19  1:46  Cybernetics Core  
  20  1:49  Zealot  
  20  1:50  Zealot  
  24  2:08  Warp Gate  
  24  2:11  Gateway  
  24  2:12  Gateway  
  24  2:26  Probe (Chrono Boost)  
  24  2:28  Assimilator  
  25  2:39  Robotics Facility  
  25  2:53  Probe (Chrono Boost)  
  27  3:06  Probe (Chrono Boost)  
  27  3:12  Nexus  
  27  3:19  Probe (Chrono Boost)  
  28  3:31  Stargate  
  28  3:32  Probe (Chrono Boost)  
  25  4:16  Stargate  
  26  4:18  Probe (Chrono Boost)  
  26  4:29  Pylon  
  26  4:31  Pylon, Probe (Chrono Boost)  
  27  4:36  Pylon  
  27  4:39  Pylon  
  27  4:43  Probe (Chrono Boost), Twilight Council  
  28  4:52  Pylon, Probe (Chrono Boost)  
  29  4:55  Probe (Chrono Boost)  
  30  5:00  Sentry x2  
  30  5:01  Sentry  
  30  5:03  Probe (Chrono Boost)  
  38  5:07  Probe (Chrono Boost)  
  38  5:13  Probe (Chrono Boost)  
  39  5:16  Assimilator  
  39  5:17  Assimilator  
  39  5:19  Probe (Chrono Boost)  
  40  5:24  Probe (Chrono Boost)  
  41  5:31  Probe (Chrono Boost)  
  41  5:34  Probe (Chrono Boost)  
  43  5:36  Robotics Facility  
  44  5:43  Probe (Chrono Boost)  
  44  5:45  Probe (Chrono Boost)  
  45  5:50  Forge  
  45  5:52  Forge  
  45  5:55  Probe x2 (Chrono Boost)  
  47  6:06  Probe (Chrono Boost)  
  47  6:07  Probe (Chrono Boost)  
  47  6:10  Stalker  
  47  6:11  Stalker x2  
  53  6:12  Stalker  
  58  6:19  Probe (Chrono Boost)  
  58  6:23  Pylon  
  58  6:28  Pylon  
  58  6:39  Immortal  
  66  6:40  Immortal  
  66  6:41  Blink  
  66  6:51  Fleet Beacon  
  66  7:15  Nexus  
  66  7:19  Assimilator  
  66  7:20  Assimilator  
  66  7:23  Pylon  
  66  7:24  Probe (Chrono Boost)  
  66  7:25  Probe (Chrono Boost)  
  66  7:27  Pylon  
  69  7:37  Probe (Chrono Boost)  
  69  8:07  Stalker  
  69  8:08  Stalker  
  69  8:09  Stalker  
  75  8:20  Stargate x2  
  75  8:27  Robotics Facility  
  75  8:33  Gateway  
  75  8:34  Gateway  
  75  8:35  Gateway  
  75  8:36  Gateway  
  75  8:41  Gateway  
  75  8:49  Dark Shrine  
  75  8:59  Robotics Bay  
  75  9:00  Probe (Chrono Boost)  
  75  9:01  Probe (Chrono Boost)  
  77  9:13  Probe (Chrono Boost)  
  77  9:16  Probe (Chrono Boost)  
  77  9:17  Probe (Chrono Boost)  
  80  9:20  Stalker x3  
  80  9:21  Stalker  
  89  9:25  Probe (Chrono Boost)  
  89  9:27  Mothership Core (Chrono Boost)  
  89  9:29  Nexus  
  91  9:33  Stalker  
  93  9:45  Pylon  
  93  9:46  Disruptor  
  93  9:49  Tempest  
  100  10:05  Dark Templar x3  
  100  10:06  Dark Templar  
  102  11:22  Protoss Ground Weapons Level 1  
  102  11:27  Protoss Ground Armor Level 1  
  102  11:32  Stalker x2  
  104  11:33  Stalker x4  
  104  11:34  Stalker x3  
  120  11:45  Protoss Air Weapons Level 1  
  120  11:54  Immortal x3  
  138  11:59  Probe (Chrono Boost)  
  139  12:10  Probe (Chrono Boost)  
  140  12:18  Nexus  
  140  12:20  Probe (Chrono Boost)  
  141  12:27  Stalker x3  
  145  12:31  Probe (Chrono Boost)  
  145  12:32  Disruptor, Colossus  
  155  12:41  Probe (Chrono Boost)  
  156  12:47  Pylon  
  156  12:52  Pylon  
  156  12:55  Pylon  
  156  12:58  Pylon  
  156  13:00  Pylon  
  156  13:04  Tempest  
  156  13:05  Probe (Chrono Boost)  
  161  13:09  Protoss Shields Level 1, Tempest  
  165  13:15  Probe (Chrono Boost)  
  166  13:23  Stalker  
  166  13:24  Stalker x3  
  175  13:27  Probe (Chrono Boost)  
  175  13:35  Protoss Air Armor Level 1  
  175  13:36  Probe (Chrono Boost)  
  175  13:37  Probe (Chrono Boost)  
  175  13:38  Probe x2 (Chrono Boost)  
  179  13:47  Assimilator  
  179  13:48  Probe (Chrono Boost)  
  180  13:50  Assimilator  
  180  13:53  Pylon  
  180  13:57  Pylon  
  180  13:58  Charge, Probe (Chrono Boost)  
  181  14:09  Probe (Chrono Boost)  
  182  14:22  Cybernetics Core  
  182  14:25  Gateway  
  182  14:29  Stalker  
  182  14:30  Stalker x2  
  188  14:32  Gateway  
  188  14:33  Tempest  
  188  14:35  Gateway  
  192  14:40  Protoss Air Weapons Level 2  
  192  14:45  Protoss Ground Armor Level 2  
  192  14:46  Protoss Shields Level 2  
  192  15:14  Observer  
  192  15:15  Observer  
  192  15:16  Immortal  
  192  15:20  Sentry  
  200  15:38  Resonating Glaives  
  80  16:13  Tempest x2  
  80  16:14  Tempest x2  
  80  16:15  Stalker  
  80  16:16  Stalker x2  
  80  16:17  Stalker x2  
  102  16:19  Stalker x2  
  102  16:20  Stalker  
  102  16:21  Stalker  
  110  16:28  Gateway x2  
  110  16:32  Gateway  
  110  16:33  Gateway  
  110  16:37  Gateway  
  110  16:40  Gateway  
  110  16:42  Mothership Core (Chrono Boost)  
  110  16:46  Probe (Chrono Boost)  
  113  16:56  Tempest x2, Void Ray  
  113  16:57  Nexus, Void Ray  
  113  16:58  Probe (Chrono Boost)  
  125  17:10  Probe (Chrono Boost)  
  111  17:39  Tempest x2  
  111  17:43  Stalker x3  
  111  17:44  Stalker  
  127  17:50  Stalker x3  
  129  18:11  Probe (Chrono Boost)  
  131  18:13  Probe (Chrono Boost)  
  131  18:14  Probe x3 (Chrono Boost)  
  134  18:22  Probe (Chrono Boost)  
  134  18:24  Probe (Chrono Boost)  
  134  18:26  Probe x2 (Chrono Boost)  
  134  18:27  Probe (Chrono Boost)  
  139  18:32  Probe (Chrono Boost)  
  140  18:35  Nexus  
  140  18:43  Probe (Chrono Boost)  
  141  18:53  Probe (Chrono Boost)  
  118  19:26  Tempest x4  
  118  19:42  Stalker x4  
  126  19:47  Probe (Chrono Boost)  
  127  19:58  Probe (Chrono Boost)  
  128  20:00  Assimilator  
  128  20:03  Assimilator  
  128  20:08  Probe (Chrono Boost)  
  128  20:11  Stalker x2  
  125  20:32  Tempest x2  
  134  20:36  Probe x2 (Chrono Boost)  
  134  20:37  Probe x3 (Chrono Boost)  
  134  20:41  Probe (Chrono Boost)  
  139  20:46  Probe x2 (Chrono Boost)  
  139  20:49  Probe x3 (Chrono Boost)  
  144  20:51  Probe (Chrono Boost)  
  147  20:57  Probe x2 (Chrono Boost)  
  147  21:01  Probe x2 (Chrono Boost)  
  149  21:12  Stalker x2  
  149  21:13  Stalker x3  
  149  21:15  Nexus  
  101  21:41  Tempest  
  101  21:48  Probe (Chrono Boost)  
  101  21:50  Probe (Chrono Boost)  
  103  21:59  Probe (Chrono Boost)  
  103  22:00  Probe (Chrono Boost)  
  105  22:06  Stalker x4  
  113  22:10  Stalker  
  113  22:11  Probe (Chrono Boost)  
  113  22:12  Zealot x3  
  113  22:13  Zealot x2  
  114  22:28  Zealot x3  
  102  22:37  Zealot x2  
  102  22:39  Stalker  
  102  22:40  Stalker  
  98  22:59  Assimilator  
  98  23:02  Assimilator, Protoss Ground Armor Level 3  
  98  23:37  Assimilator  
  98  23:39  Assimilator  
  98  23:59  Probe (Chrono Boost)  
  98  24:00  Assimilator x2  
  100  24:10  Probe (Chrono Boost)  
  100  24:20  Probe (Chrono Boost)  
  101  24:27  Stalker  
  101  24:28  Stalker x2  
  101  24:29  Stalker  
  101  24:30  Stalker  
  111  24:35  Stalker  
  111  24:36  Stalker x2  
  111  24:37  Stalker  
  111  24:38  Stalker, Zealot  
  109  24:39  Zealot x3  
  109  24:40  Zealot x2  
  109  24:41  Zealot x2  
  115  25:04  Probe (Chrono Boost)  
  118  25:07  Mothership Core (Chrono Boost)  
  118  25:13  Tempest x2  
  126  25:14  Probe (Chrono Boost)  
  127  25:25  Probe (Chrono Boost)  
  127  25:26  Stalker  
  127  25:27  Stalker x4  
  127  25:28  Stalker  
  140  25:36  Probe (Chrono Boost)  
  141  25:46  Probe (Chrono Boost)  
  142  25:58  Stalker x3  
  142  25:59  Stalker x2  
  142  26:00  Stalker, Zealot x2  
  142  26:01  Zealot x4  
  142  26:02  Zealot x2  
  142  26:03  Stalker x2  
  142  26:04  Stalker x2  
  176  26:40  Stalker x2  
  176  26:41  Stalker x2  
  184  27:02  Nexus  
  184  27:09  Pylon  
  184  27:27  Stalker  
  184  27:28  Stalker x2  
  190  27:37  Stalker  
  190  27:39  Stalker  
  189  28:10  Stalker x3  
  189  28:11  Stalker  
  197  28:19  Zealot x2  
  197  28:20  Zealot  
  175  29:13  Stalker x2  
  175  29:14  Stalker x3  
  197  29:29  Stalker  
  175  29:46  Stalker x3, Zealot x2  
  175  29:47  Zealot  
  133  30:00  Zealot  
  133  30:01  Zealot x3  
  115  30:25  Pylon  
  115  30:28  Pylon  
  115  30:35  Tempest x3  
  115  30:37  Stalker x2  
  115  30:38  Stalker x2  
  115  30:39  Stalker  
  115  30:42  Mothership Core (Chrono Boost)  
  127  31:08  Stalker  
  135  31:13  Robotics Facility x2  
  135  31:16  Robotics Facility  
  135  31:22  Tempest  
  135  31:23  Tempest x3  
  151  32:05  Tempest x2, Void Ray  
  151  32:06  Void Ray  
  151  32:07  Stalker x4  
  175  32:09  Stalker  
  175  32:10  Stalker x2  
  175  32:12  Stalker  
  177  32:30  Zealot x5  
  183  32:37  Stalker x2  
  181  32:48  Void Ray x2  
  189  32:55  Void Ray x2  
  135  33:51  Stalker  
  135  33:52  Zealot x4  
  145  33:59  Zealot x3  
  145  34:00  Zealot  
  145  34:01  Zealot  
  145  34:08  Zealot x2  
  145  34:09  Stalker  
  139  34:38  Tempest x4  
  143  34:40  Pylon  
  143  34:41  Disruptor, Colossus x2  
  143  34:43  Pylon  
  170  34:52  Stalker x2  
  174  34:53  Stalker  
  174  34:54  Stalker x2  
  180  35:21  Tempest x4  
  184  36:03  Tempest  
  172  36:04  Tempest x2  
Show
View Real Time Build Order
Export as new Build Order

jalapa Terran 

Build Orders:  

Get SALT Encoding   

  12  0:03  SCV  
  13  0:15  SCV  
  14  0:25  Supply Depot  
  14  0:27  SCV  
  15  0:47  SCV  
  15  0:49  Supply Depot  
  16  0:59  SCV  
  16  1:01  Barracks  
  17  1:11  SCV  
  17  1:14  Refinery  
  18  1:23  Refinery, SCV  
  19  1:35  SCV  
  20  1:47  SCV  
  21  1:55  Barracks  
  21  1:56  Barracks Reactor  
  21  1:59  SCV  
  22  2:12  SCV  
  22  2:14  Engineering Bay  
  23  2:25  Supply Depot  
  23  2:32  Marine x2  
  25  2:46  Barracks Reactor  
  25  2:49  Sensor Tower  
  25  2:50  Marine x2  
  27  2:57  Missile Turret  
  27  3:02  Supply Depot  
  27  3:08  Marine x2  
  29  3:20  Missile Turret  
  29  3:25  Marine, Supply Depot  
  29  3:26  Marine  
  31  3:29  Missile Turret  
  31  3:30  Terran Infantry Weapons Level 1  
  31  3:50  Missile Turret  
  31  3:58  Marine x3  
  33  4:10  Missile Turret  
  33  4:17  Missile Turret  
  33  4:30  Missile Turret  
  33  4:41  Missile Turret  
  33  4:43  Orbital Command  
  33  4:50  Missile Turret  
  33  4:56  Factory  
  33  5:10  Missile Turret  
  33  5:25  Terran Infantry Armor Level 1  
  33  5:30  Missile Turret  
  33  5:47  Factory Tech Lab  
  33  5:56  Command Center  
  33  6:02  Starport  
  33  6:09  Missile Turret  
  33  6:41  Armory  
  33  6:42  Starport Reactor  
  33  6:45  Siege Tank  
  36  7:17  Siege Tank  
  39  7:33  SCV  
  39  7:34  Starport  
  40  7:40  Terran Vehicle Weapons Level 1  
  40  7:42  Terran Infantry Weapons Level 2  
  40  7:46  SCV  
  41  7:58  SCV  
  42  8:01  Marine x4  
  46  8:10  SCV  
  46  8:11  Starport Reactor  
  47  8:19  Marine x3  
  50  8:22  SCV  
  51  8:27  Missile Turret  
  51  8:34  SCV  
  51  8:35  Siege Tank  
  55  8:46  SCV  
  56  8:58  SCV  
  56  8:59  Command Center  
  57  9:07  Siege Tank  
  60  9:10  SCV  
  61  9:29  Refinery  
  61  9:32  Refinery  
  61  9:33  SCV  
  61  9:34  Terran Vehicle And Ship Armor Level 1  
  62  9:40  Marine x3  
  62  9:41  Marine  
  62  9:45  SCV  
  67  9:57  SCV  
  67  9:58  Marine x3, Siege Tank  
  74  10:09  SCV  
  74  10:13  Refinery  
  75  10:21  SCV  
  76  10:31  Siege Tank  
  76  10:34  SCV  
  80  10:36  Refinery  
  80  10:46  SCV  
  81  10:58  SCV  
  81  11:02  Missile Turret  
  82  11:10  SCV  
  82  11:28  Terran Vehicle Weapons Level 2  
  82  11:47  Viking x3  
  82  11:48  Viking  
  90  11:54  SCV  
  91  12:06  SCV  
  92  12:11  Terran Infantry Weapons Level 3  
  92  12:17  Viking x3  
  92  12:18  Viking  
  100  12:47  Viking x3  
  106  12:55  Missile Turret  
  106  13:01  Siege Tank  
  109  13:06  Viking  
  111  13:15  Missile Turret  
  111  13:33  Siege Tank  
  114  13:34  Missile Turret  
  114  13:43  Terran Vehicle And Ship Armor Level 2  
  114  13:51  Supply Depot  
  114  13:55  Missile Turret  
  114  14:05  Siege Tank  
  117  14:14  Supply Depot  
  117  14:26  Missile Turret  
  117  14:47  Terran Infantry Armor Level 2  
  117  14:50  Bunker  
  117  14:56  Viking x3  
  117  14:57  Viking  
  125  15:00  Marine x3  
  128  15:08  Orbital Command  
  128  15:20  Orbital Command  
  128  15:26  Viking x4  
  136  15:34  Bunker  
  136  15:56  Viking x2  
  140  15:59  Viking x2, Terran Vehicle Weapons Level 3  
  132  16:26  Missile Turret, Viking x2  
  136  16:35  Viking x2  
  140  16:51  Missile Turret  
  140  17:11  Missile Turret  
  140  17:21  Viking x4  
  142  17:37  Supply Depot  
  151  17:51  Viking  
  132  17:54  Viking  
  132  17:55  Viking x2  
  134  18:00  Terran Infantry Armor Level 3  
  134  18:04  Siege Tank  
  134  18:05  Marine x3  
  122  18:06  Marine  
  125  18:18  Supply Depot  
  125  18:21  Viking  
  125  18:23  Marine x4  
  131  18:36  Terran Vehicle And Ship Armor Level 3, Viking x2, Siege Tank  
  131  18:38  Viking  
  131  18:41  Marine x4, Supply Depot  
  144  18:58  Marine  
  145  19:03  Command Center  
  145  19:08  Siege Tank  
  140  19:12  Viking  
  140  19:13  Viking x2  
  132  19:44  Supply Depot  
  132  20:18  Viking  
  132  20:19  Viking x3  
  120  20:42  Refinery  
  120  20:48  Viking x2  
  120  20:49  Viking x2  
  121  21:05  Refinery  
  121  21:18  Terran Ship Weapons Level 1, Viking x2  
  121  21:19  Viking x2  
  121  21:21  Neosteel Frame  
  125  21:48  Viking x2  
  125  21:49  Viking  
  127  22:09  Viking  
  125  22:18  Viking x3  
  102  22:39  Viking  
  97  22:48  Viking  
  94  22:56  Viking x2  
  98  23:06  Marine x4  
  98  23:09  Viking  
  104  23:18  Viking  
  106  23:24  Marine x4  
  106  23:26  Viking x2  
  114  23:29  Orbital Command  
  114  23:39  Viking  
  116  23:41  Marine  
  116  23:42  Marine x3  
  120  23:48  Viking  
  122  23:56  Viking  
  122  23:59  Marine x2  
  122  24:00  Marine x2  
  128  24:12  Viking  
  128  24:15  Viking  
  132  24:17  Marine x2  
  132  24:18  Marine x2  
  132  24:21  Viking  
  138  24:35  Marine x2  
  138  24:36  Marine x2  
  142  24:53  Marine x4  
  138  25:03  Viking x3  
  144  25:09  Viking  
  144  25:10  Marine  
  144  25:11  Marine x3  
  150  25:28  Marine x2  
  150  25:29  Marine x2  
  154  25:46  Marine x2  
  154  25:47  Marine x2  
  154  25:55  Viking x4  
  150  26:04  Marine x2  
  150  26:05  Marine x2  
  154  26:17  Terran Ship Weapons Level 2  
  154  26:21  Hi-Sec Auto Tracking  
  154  26:25  Marine x4, Viking x4  
  166  26:43  Marine  
  167  26:55  Viking x3  
  173  27:14  Refinery  
  173  27:15  Refinery  
  173  27:19  Viking  
  175  27:25  Viking x2  
  170  28:39  Viking x4  
  178  28:42  Marine x2  
  178  28:43  Marine x2  
  150  29:00  Marine x2  
  150  29:01  Marine x2  
  151  29:08  Viking  
  151  29:09  Viking x3  
  157  29:18  Marine  
  103  30:10  Orbital Command  
  85  30:18  Marine  
  85  30:19  Marine x3  
  89  30:36  Marine x3  
  92  30:47  Marine  
  93  30:54  Marine x3  
  96  31:09  Marine  
  97  31:12  Marine x3  
  100  31:27  Marine  
  100  31:30  Marine x3  
  104  31:45  Marine  
  105  31:47  Marine  
  105  31:48  Marine x2  
  108  32:02  Marine  
  108  32:05  Marine x2  
  108  32:06  Marine, Viking x2  
  108  32:07  Viking x2  
  120  32:20  Marine  
  121  32:23  Marine x3  
  120  32:36  Viking x2  
  275  32:37  Viking x2  
  120  32:38  Marine  
  120  32:41  Marine x3  
  120  32:56  Marine  
  121  32:59  Marine x3  
  124  33:06  Viking x2  
  128  33:14  Marine  
  128  33:16  Marine  
  128  33:17  Marine x2  
  132  33:31  Marine  
  127  33:34  Marine x2  
  127  33:35  Marine  
  111  33:49  Marine  
  111  33:52  Marine x3  
  107  34:07  Marine  
  94  34:10  Marine x3  
  78  34:20  Viking x4  
  86  34:25  Marine  
  86  34:28  Marine x3  
  90  34:43  Marine  
  91  34:46  Marine x3  
  91  34:47  Command Center  
  91  34:50  Viking x3  
  100  35:00  Marine  
  100  35:03  Marine  
  100  35:04  Marine x2  
  104  35:18  Marine  
  105  35:21  Marine x3  
  108  35:30  Viking x2  
  108  35:34  Viking  
  114  35:36  Marine  
  114  35:39  Marine x3  
  112  35:54  Marine  
  99  35:57  Marine x3  
  81  36:12  Marine  
  81  36:15  Marine x2  
Tags
 
Add a new tag
Caveats
  • Supply blocks, unpowered buildings, or Contaminate may cause inaccurate times.
  • Supply counts are checked every 10 seconds.